 Dungeon Crawl Stone Soup version 0.21-a0-471-gd587bd5 (webtiles) character file.

176 dududu the Skirmisher (level 5, -2/34 HPs)
             Began as a Kobold Fighter on Nov 21, 2017.
             Was a Believer of Uskayaw.
             Slain by Sigmund
             ... wielding a +0 scythe
              (6 damage)
             ... on level 3 of the Dungeon.
             The game lasted 00:06:51 (2918 turns).

dududu the Skirmisher (Kobold Fighter)              Turns: 2918, Time: 00:06:52

Health: -2/34      AC:  7    Str: 19    XL:     5   Next: 86%
Magic:  2/5        EV:  9    Int: 10    God:    Uskayaw [**....]
Gold:   71         SH:  9    Dex: 14    Spells: 4/4 levels left

rFire    . . .     SeeInvis .   e - +0 short sword (freeze)
rCold    . . .     Gourm    .   c - +0 shield
rNeg     . . .     Faith    .   b - +0 scale mail
rPois    .         Spirit   .   (no helmet)
rElec    .         Reflect  .   (no cloak)
rCorr    .         Harm     .   (no gloves)
MR       .....                  (no boots)
Stlth    ..........             (no amulet)
HPRegen  0.11/turn              l - +1 ring of protection
MPRegen  0.09/turn              (no ring)

@: mighty
A: carnivore 3
a: Stomp, Line Pass, Renounce Religion


You were on level 3 of the Dungeon.
You worshipped Uskayaw.
Uskayaw was noncommittal.
You were completely stuffed.

You visited 1 branch of the dungeon, and saw 3 of its levels.

You collected 71 gold pieces.

Inventory:

Hand Weapons
 a - a +0 spear
 e - a +0 short sword of freezing (weapon)
Armour
 b - a +0 scale mail (worn)
 c - a +0 shield (worn)
Jewellery
 l - a +1 ring of protection (left hand)
Scrolls
 g - a scroll of remove curse {unknown}
 h - a scroll of blinking {unknown}
 k - a scroll of enchant armour {unknown}
 n - a scroll of amnesia {unknown}
 q - a scroll of identify {unknown}
Potions
 i - a potion of flight {unknown}
 m - a potion of mutation {unknown}
 o - a potion of curing {unknown}
 p - 3 potions of heal wounds {unknown}
Comestibles
 f - 2 meat rations
 j - 2 royal jellies
 r - 3 chunks of flesh


   Skills:
 + Level 4.3 Fighting
 * Level 4.0 Short Blades
 - Level 1.8 Polearms
 - Level 2.6 Armour
 + Level 3.2 Shields


You had 4 spell levels left.
You didn't know any spells.

Dungeon Overview and Level Annotations

Branches:
Dungeon (3/15)

Altars:
Elyvilon
Fedhas
Kikubaaqudgha
Uskayaw

Annotations:
D:3 Sigmund; alkexr's ghost, amateur TeAE


Innate Abilities, Weirdness & Mutations

You are small and have problems with some larger weapons.
You are carnivorous and can eat meat at any time.


Message History

Sigmund gestures wildly while chanting.
Sigmund flickers and vanishes!
Deactivating autopickup; reactivate with Ctrl-A.
You barely miss something. Something hits you!
You hit something. You freeze something. You barely miss something.
Something hits you!
You miss something. Something hits you.
Aiming: Line Pass
Press: ? - help, Dir - move target cursor
Okay, then.
You stomp with the beat, sending a shockwave through the revelers around you!
You feel somewhat less full.
You don't have enough magic at the moment.
You closely miss something. Something hits you!
* * * LOW HITPOINT WARNING * * *
You feel very mighty all of a sudden. Something hits you.
You die...

### ########### #..
..#......# #.# #{#.####.#
##########.#####@#.####.#
.%....................#.#
.#####..##.#..##.#.##.#(#
.#.
.#####..##.#..##.#.##.#.#
##.#
.##..............#......#
#...
.##.##..#.#...#.#####.###
#... .##.##..#.#...#.#
#.## #...
..............#.# ##..###
#... ##...###........#
#.....# #...


There were no monsters in sight!

Vanquished Creatures
  2 orc priests
  Jessica (D:3)
  2 adders
  4 worms
  A leopard gecko (D:2)
  9 orcs
  3 giant cockroaches
  5 goblins
  6 hobgoblins
  6 kobolds
  3 ball pythons
  5 bats
  2 frilled lizards (D:2)
  6 rats
55 creatures vanquished.

Notes
Turn   | Place    | Note
-------+----------+-------------------------------------------
     0 | D:1      | dududu the Kobold Fighter began the quest for the Orb.
     0 | D:1      | Reached XP level 1. HP: 14/14 MP: 1/1
   264 | D:1      | Reached XP level 2. HP: 15/19 MP: 2/2
   833 | D:2      | Reached XP level 3. HP: 16/23 MP: 3/3
   892 | D:2      | Noticed a hand axe
   892 | D:2      | Noticed a dagger
   893 | D:2      | Found a hide-covered altar of Uskayaw.
   911 | D:2      | Became a worshipper of Uskayaw the Reveler
   919 | D:2      | Reached skill level 1 in Short Blades
   919 | D:2      | Reached * piety under Uskayaw
  1086 | D:2      | Found a white marble altar of Elyvilon.
  1117 | D:2      | Reached ** piety under Uskayaw
  1126 | D:2      | HP: 1/24 [worm (7)]
  1127 | D:2      | Reached *** piety under Uskayaw
  1526 | D:2      | Found an ancient bone altar of Kikubaaqudgha.
  1678 | D:2      | Reached XP level 4. HP: 24/29 MP: 0/4
  2040 | D:3      | Noticed Jessica
  2041 | D:3      | Found a blossoming altar of Fedhas.
  2056 | D:3      | Killed Jessica
  2056 | D:3      | Reached XP level 5. HP: 3/33 MP: 5/5
  2159 | D:3      | Noticed alkexr's ghost (amateur TeAE)
  2905 | D:3      | Noticed Sigmund
  2918 | D:3      | Slain by Sigmund

Vault maps used:
D:1:      eino_arrival_cavern_b
D:2:      elyvilon_altar_5, lemuel_round_altar, dancing_weapons_uskayaw,
          first_bread, minmay_misc_feat_five, minmay_tetromino_s2
D:3:      fedhas_altar_1, uniq_sigmund, uniq_jessica

Skill      XL: |  1  2  3  4  5 |
---------------+----------------+-----
Short Blades   | 1 3 4 |  4.0
Fighting       | 4 |  4.3
Shields        | 3 |  3.2
Polearms       | |  1.8
Armour         | |  2.6

Action                   |  1- 3 |  4- 6 || total
-------------------------+-------+-------++-------
Melee: Spear             |    59 |       ||    59
       Short sword       |    95 |    86 ||   181
Invok: Stomp             |     1 |     2 ||     3
       Line Pass         |       |     1 ||     1
  Use: Potion            |       |     1 ||     1
 Stab: Paralysed         |     1 |       ||     1
  Eat: Chunk             |     4 |    12 ||    16
Armor: Scale mail        |    44 |    17 ||    61
Dodge: Dodged            |    39 |    20 ||    59
Block: Shield            |    52 |    34 ||    86

Table legend:
 A = Spawn XP
 B = Non-spawn XP
 C = Spawn XP percentage of total XP
 D = Spawn monster count
 E = Non-spawn monster count
 F = Spawn count percentage of total count
 G = Total turns spent on level
                    A         B        C        D         E        F      G
               +---------+---------+-------+---------+---------+-------+---------
         Total |       0 |     252 |   0.0 |       0 |      55 |   0.0 |  2918
               +---------+---------+-------+---------+---------+-------+---------
           D:1 |       0 |      25 |   0.0 |       0 |      16 |   0.0 |   730
           D:2 |       0 |     108 |   0.0 |       0 |      26 |   0.0 |  1834
           D:3 |       0 |     119 |   0.0 |       0 |      13 |   0.0 |   354
               +---------+---------+-------+---------+---------+-------+---------
